 Dungeon Crawl Stone Soup version 0.19-a0-1260-gc94d3f7 (webtiles) character file.

257744 George the Severer (level 20, -12/188 HPs)
             Began as a Hill Orc Fighter on Aug 27, 2016.
             Was the Champion of Qazlal.
             Mangled by a torpor snail (27 damage)
             ... on level 3 of the Spider Nest on Aug 28, 2016.
             The game lasted 01:51:46 (36289 turns).

George the Severer (Hill Orc Fighter)              Turns: 36289, Time: 01:51:47

Health: -12/188    AC: 23    Str: 28    XL:     20   Next: 27%
Magic:  26/33      EV: 11    Int:  9    God:    Qazlal [******]
Gold:   3193       SH: 25    Dex: 13    Spells: 3 memorised, 11 levels left

rFire  + + .     SeeInvis .     I - +1 war axe (drain)
rCold  + . .     Gourm    +     a - +1 plate armour {rPois}
rNeg   + . .     Faith    .     y - +2 shield {reflect}
rPois  +         Spirit   .     Z - +5 helmet of Thoughtfulness {*Drain rN+ Slay+4}
rElec  .         Dismiss  .     F - +0 cloak
rCorr  .         Reflect  +     E - +2 pair of gloves {Dex+3}
MR     +....     Harm     .     k - +0 pair of boots
Stlth  ..........               L - amulet "Naumaocaboo" {Gourm rF+ Int+3 Slay+3}
                                D - ring of protection from fire
                                T - ring of the Unkillable {rC+ Str+2}

@: protected from physical damage, corroded, slowed, repel missiles, very slow
A: clumsy 1, dopey 1
a: Upheaval, Elemental Force, Disaster Area, Renounce Religion
}: 1/15 runes: barnacled


You were on level 3 of the Spider Nest.
You worshipped Qazlal.
Qazlal was exalted by your worship.
You were very full.

You visited 7 branches of the dungeon, and saw 33 of its levels.
You visited the Abyss 2 times.
You also visited: Labyrinth and Sewer.

You collected 3670 gold pieces.
You spent 477 gold pieces at shops.

Inventory:

Hand Weapons
 t - a +2 antimagic war axe
 I - a +1 war axe of draining (weapon)
 N - the +9 mace "Olokias" {venom, rF++ MP+9 Dex-3 Stlth+}
   (You found it on level 2 of the Lair of Beasts)

   It poisons the flesh of those it strikes.
   It affects your dexterity (-3).
   It greatly protects you from fire.
   It affects your magic capacity (+9).
   It makes you more stealthy.
Missiles
 G - 13 throwing nets (quivered)
Armour
 a - a +1 plate armour of poison resistance (worn)
 k - a +0 pair of boots (worn)
 y - a +2 shield of reflection (worn)
 E - a +2 pair of gloves of dexterity (worn)
 F - a +0 cloak (worn)
 U - the +4 moon troll leather armour {Spirit, Regen++ MP+5}
   (You found it on level 4 of the Lair of Beasts)

   It affects your magic capacity (+5).
   It increases your rate of regeneration.
 Z - the +5 helmet of Thoughtfulness (worn) {*Drain rN+ Slay+4}
   (You found it on level 1 of the Orcish Mines)

   It affects your accuracy and damage with ranged weapons and melee attacks
   (+4).
   It protects you from negative energy.
   It causes draining when unequipped.
Jewellery
 z - an uncursed ring of positive energy
 A - an uncursed ring of positive energy
 D - a ring of protection from fire (right hand)
 L - the amulet "Naumaocaboo" (around neck) {Gourm rF+ Int+3 Slay+3}
   (You found it on level 12 of the Dungeon)

   [amulet of the gourmand]

   It allows you to eat raw meat even when not hungry.
   It affects your intelligence (+3).
   It affects your accuracy and damage with ranged weapons and melee attacks
   (+3).
   It protects you from fire.
 T - the ring of the Unkillable (left hand) {rC+ Str+2}
   (You found it in a labyrinth)

   [ring of strength]

   It affects your strength (+2).
   It protects you from cold.
 W - an uncursed ring of protection from fire
Wands
 J - a wand of disintegration (7/24)
 Q - a wand of teleportation (5/9)
 V - a wand of hasting (3/9)
Scrolls
 b - 4 scrolls of magic mapping
 c - 3 scrolls of enchant armour
 i - 5 scrolls of fog
 j - 6 scrolls of immolation
 l - 13 scrolls of teleportation
 s - 4 scrolls of recharging
 v - 3 scrolls of blinking
 w - 5 scrolls of fear
 K - 7 scrolls of remove curse
 O - a scroll of silence
 P - 5 scrolls of enchant weapon
 R - a scroll of identify
 X - 2 scrolls of brand weapon
 Y - 2 scrolls of summoning
Potions
 d - 10 potions of might
 g - a potion of resistance
 h - 5 potions of agility
 m - 2 potions of haste
 o - 6 potions of flight
 q - 14 potions of curing
 r - a potion of magic
 u - 8 potions of heal wounds
 x - 3 potions of ambrosia
 B - a potion of cancellation
Miscellaneous
 M - a fan of gales
 S - a lamp of fire
Comestibles
 e - 4 royal jellies
 f - 16 bread rations
 n - 5 slices of pizza
 p - 12 meat rations
 C - 10 fruits
 H - 10 beef jerkies


   Skills:
 + Level 18.2 Fighting
 + Level 20.6 Axes
 + Level 16.8 Armour
 + Level 6.2 Dodging
 + Level 17.1 Shields
 + Level 18.4 Invocations


You had 11 spell levels left.
You knew the following spells:

 Your Spells              Type           Power        Failure   Level  Hunger
a - Song of Slaying       Chrm           #.......     100%        2    ###....
b - Regeneration          Chrm/Necr      #.........   100%        3    ####...
c - Spectral Weapon       Hex/Chrm       #.......     100%        3    ####...


Dungeon Overview and Level Annotations

Branches:
Dungeon (15/15)            Temple (1/1) D:7            Lair (6/6) D:9
 Shoals (4/4) Lair:3       Spider (3/4) Lair:2        Slime (0/5) Lair:5
    Orc (2/2) D:9             Elf (0/3) Orc:2        Vaults (2/5) D:13
 Depths (0/5) D:15
  Crypt: Vaults:2-3

Altars:
Ashenzari
Cheibriados
Dithmenos
Elyvilon
Fedhas
Gozag
Hepliaklqana
Kikubaaqudgha
Makhleb
Nemelex Xobeh
Okawaru
Qazlal
Ru
Sif Muna
Trog
Uskayaw
Vehumet
Xom
Yredelemnul
Zin
The Shining One
Beogh

Shops:
D:9 [   D:13 :   Orc:1 !   Orc:2 =[*(   Vaults:1 (

Portals:
Bazaar: D:15

Annotations:
Lair:3 exclusion: oklob plant
Lair:5 exclusion: oklob plant


Innate Abilities, Weirdness & Mutations

You are clumsy. (Dex -2)
You are dopey. (Int -2)


Message History

The blast of magma engulfs the redback.
You kill the redback!
Qazlal accepts your kill.
The blast of magma engulfs the redback.
You kill the redback!
Qazlal accepts your kill.
The blast of ice hits the orb spider.
You kill the orb spider!
Qazlal accepts your kill.
The blast of ice hits the tarantella.
You kill the tarantella!
Qazlal accepts your kill.
The blast of ice hits the boulder beetle.
The boulder beetle is heavily wounded.
The boulder beetle is flash-frozen.
The blast of magma engulfs the tarantella.
You kill the tarantella!
Qazlal accepts your kill.
You block the redback's attack. x2; The torpor snail bites you!!
You die...

,,,,,,,*,,*,,,***...#..,*##..####
*,,,,***,,#.,,,*,......,,*...#..#
**,,,*,,,,#.,,###......,###.....#
,**,,*,,,##.≈##.#.^..,,##<......*
,,*,,,,,,#.≈.#.....#####.....####
,,,,,,,,##...†.......#.^.....<...
,,,,,,,*#.....B8B8..##^..........
*,,,,,,,...^..yw#####.††.####....
,,,,,,,,.....≈≈s@§.....††...#....
,,,,*,,,...§§§§§§.†..†††...######
,,,,*,*,..##§.§≈§§≈≈^††...##,,**,
*,,****,.,,#..≈≈..§§†††........,,
,,,*,,,,*,,#.≈.##≈≈§.≈#........,,
,,,*,,,,*,,#...,##§...######...,,
,,,**,,,*,*#...,,#......,,,*###,,
,,,,*,,,**#.>..**#.......,,,,,**,
,,,,*,,,,,#...,,,###......,,,,***


You could see a boulder beetle (berserk), a torpor snail (berserk), a moth of
wrath, a redback (berserk) and a saltling.

Vanquished Creatures
  Nikola (Spider:1)
  A lich (Vaults:2)
  Polyphemus (Shoals:4)
  Frances (D:13)
  Kirke (Shoals:3)
  Ilsuiw (Shoals:4)
  Roxanne (Shoals:1)
  3 orc warlords
  A deep elf sorcerer (Vaults:1)
  A fire giant (Vaults:1)
  A frost giant (Shoals:4)
  Aizul (Shoals:1)
  7 vault wardens
  An emperor scorpion (Spider:1)
  6 ironheart preservers
  4 very ugly things (Vaults:2)
  4 entropy weavers
  3 stone giants (Vaults:2)
  A deep elf demonologist (Vaults:1)
  A dire elephant (Lair:6)
  A deep elf annihilator (Vaults:1)
  A deep elf death mage (Vaults:1)
  4 merfolk javelineers (Shoals:4)
  7 merfolk impalers
  A minotaur (Lab)
  2 yaktaur captains (Vaults:2)
  A great orb of eyes (Vaults:1)
  Erolcha (D:13)
  3 rakshasas
  4 hydras
  7 vault guards
  Harold (D:11)
  2 ice dragons
  4 ogre magi
  A catoblepas (Shoals:4)
  7 merfolk avatars
  3 merfolk aquamancers
  An alligator snapping turtle (Shoals:4)
  4 centaur warriors
  A death knight (Vaults:1)
  A queen ant (Lair:5)
  8 death yaks
  A hell hog (Abyss:2)
  A thrashing horror (Abyss:2)
  A deep elf knight (Vaults:2)
  An orc high priest (Orc:2)
  The ghost of crawlian the Arsonist, a journeyman DEFE of Sif Muna (D:11)
  Sonja (D:10)
  The ghost of Duffy the Carver, a novice DDMo of Makhleb (D:8)
  4 wretched stars
  A death drake (Abyss:2)
  2 sixfirhies (Abyss:3)
  3 shadow wraiths
  An unseen horror (Vaults:1)
  A sea snake (shapeshifter) (Vaults:1)
  8 sea snakes
  2 skeletal warriors (Vaults:1)
  11 orc knights
  5 deep trolls (Vaults:2)
  3 deep elf archers (Vaults:1)
  A giant orange brain (Vaults:2)
  14 ironbrand convokers
  7 hill giants
  3 necromancers
  3 deep elf magi (Vaults:1)
  19 harpies
  2 fauns (Shoals:4)
  11 orb spiders
  A manticore (shapeshifter) (Vaults:2)
  8 orc sorcerers
  14 manticores
  14 griffons
  A hornet (Spider:2)
  A stone giant zombie (Vaults:1)
  19 ugly things
  15 wolf spiders
  6 cyclopes
  2 moths of wrath
  Maurice (D:10)
  12 sirens
  Psyche (D:8)
  An octopode (shapeshifter) (Abyss:2)
  5 black mambas
  22 elephants
  Joseph (D:8)
  3 gargoyles
  4 vault sentinels
  5 smoke demons
  6 water nymphs
  9 spiny frogs
  A spiny frog (shapeshifter) (D:15)
  2 torpor snails (Spider:2)
  7 demonic crawlers
  A yaktaur (shapeshifter) (D:15)
  9 yaktaurs
  4 freezing wraiths
  5 komodo dragons
  3 rime drakes
  An efreet (Abyss:2)
  4 ancient zymes
  13 trolls
  A hellwing (Abyss:2)
  27 jumping spiders
  18 merfolk
  6 wind drakes
  4 polar bears
  8 two-headed ogres
  2 tengu conjurers (D:15)
  7 large abominations
  A meliai (shapeshifter) (Vaults:1)
  5 raiju
  2 dream sheep (Shoals:4)
  9 snapping turtles
  An alligator zombie (Abyss:2)
  A sphinx simulacrum (Vaults:1)
  14 blink frogs
  15 slime creatures
  4 boulder beetles
  5 flying skulls (Abyss:3)
  A human simulacrum (Vaults:1)
  3 vampires
  66 redbacks
  26 tarantellas
  A shadow (D:11)
  5 wraiths
  2 ynoxinuls (Abyss:3)
  14 water elementals
  3 hungry ghosts
  5 wyverns
  2 hogs (Shoals:3)
  2 basilisks
  17 humans
  4 vampire mosquitoes (D:13)
  A yaktaur simulacrum (Vaults:1)
  50 yaks
  A chaos spawn (Abyss:3)
  12 hippogriffs
  2 steam dragons (D:8)
  3 neqoxecs
  4 wargs
  Menkaure (D:4)
  18 soldier ants
  A mottled dragon (shapeshifter) (D:15)
  17 water moccasins
  9 porcupines
  A porcupine (shapeshifter) (D:15)
  3 sky beasts
  2 black bears
  53 orc warriors
  3 phantoms
  4 ice beasts
  5 wasps
  24 ogres
  8 boggarts
  3 eyes of draining
  2 eyes of draining (shapeshifter) (D:15)
  14 centaurs
  15 crocodiles
  3 big kobolds
  10 giant frogs
  A human zombie (Vaults:1)
  A human skeleton (Vaults:1)
  13 small abominations
  A scorpion (shapeshifter) (Vaults:1)
  2 scorpions
  3 killer bees (D:13)
  3 howler monkeys
  11 wights
  2 electric eels (D:15)
  A centaur zombie (D:11)
  4 crimson imps
  4 starcursed masses (Abyss:2)
  The ghost of crawlian the Firebug, a weakling DEFE (D:4)
  4 giant frog zombies
  A gnoll shaman (D:10)
  6 hounds
  A quasit (Abyss:2)
  3 centaur skeletons
  8 orc priests
  2 giant frog skeletons
  3 jellies
  26 orc wizards
  An iron imp (Abyss:3)
  Jessica (D:2)
  34 worker ants
  6 iguanas
  A killer bee zombie (D:5)
  A hound zombie (D:7)
  A hound skeleton (D:9)
  A howler monkey zombie (D:5)
  10 gnolls
  15 adders
  28 river rats
  3 shadow imps
  A white imp (Abyss:3)
  An ufetubus (Abyss:3)
  7 oozes
  3 adder skeletons
  9 worms
  A dart slug (D:1)
  9 giant geckos
  101 orcs
  3 ball pythons
  7 giant cockroaches
  6 goblins
  17 hobgoblins
  12 jackals
  5 quokkas
  14 bats
  A giant gecko zombie (D:5)
  9 giant newts
  A jackal skeleton (D:8)
  30 kobolds
  A quokka skeleton (D:8)
  A quokka zombie (D:7)
  14 rats
  2 butterflies
  41 fungi
  A lurking horror (Abyss:3)
  54 plants
1519 creatures vanquished.

Vanquished Creatures (others)
  Nessos (D:13)
  3 merfolk javelineers
  A centaur warrior (Vaults:1)
  A satyr (Shoals:4)
  An orb spider (Spider:2)
  2 cyclopes
  A yaktaur (Vaults:2)
  A hellwing (Abyss:3)
  A human (Shoals:3)
  An orc warrior (Vaults:2)
  6 centaurs
  A kobold (D:11)
  6 fungi
  23 plants
49 creatures vanquished.

Grand Total: 1568 creatures vanquished

Notes
Turn   | Place    | Note
-------+----------+-------------------------------------------
     0 | D:1      | George the Hill Orc Fighter began the quest for the Orb.
     0 | D:1      | Reached XP level 1. HP: 19/19 MP: 1/1
   238 | D:1      | Reached skill level 3 in Axes
   248 | D:1      | Reached XP level 2. HP: 23/27 MP: 2/2
   862 | D:1      | Reached XP level 3. HP: 33/33 MP: 3/3
   923 | D:2      | Found a faded altar of an unknown god.
  1066 | D:2      | Reached skill level 4 in Axes
  1144 | D:2      | Reached XP level 4. HP: 40/40 MP: 4/4
  1314 | D:2      | Noticed Jessica
  1324 | D:2      | Killed Jessica
  1482 | D:2      | Reached XP level 5. HP: 30/46 MP: 5/5
  2278 | D:3      | Reached skill level 5 in Axes
  2597 | D:3      | Found a bloodstained altar of Trog.
  2597 | D:3      | Noticed an eye of draining
  2597 | D:3      | Noticed an eye of draining
  2610 | D:3      | Killed an eye of draining
  2610 | D:3      | Reached XP level 6. HP: 55/55 MP: 0/6
  2614 | D:3      | Killed an eye of draining
  2614 | D:3      | Reached skill level 5 in Fighting
  2614 | D:3      | Reached skill level 6 in Axes
  3026 | D:4      | Noticed Menkaure
  3192 | D:3      | Reached XP level 7. HP: 50/61 MP: 7/7
  3302 | D:4      | Killed Menkaure
  3302 | D:4      | Reached skill level 7 in Axes
  3302 | D:4      | Reached skill level 5 in Armour
  3302 | D:4      | Reached skill level 5 in Shields
  3678 | D:4      | Reached XP level 8. HP: 29/70 MP: 8/8
  4223 | D:4      | Reached skill level 8 in Axes
  4362 | D:4      | Noticed crawlian's ghost (weakling DEFE)
  4369 | D:4      | Killed crawlian's ghost
  4402 | D:5      | Entered Level 5 of the Dungeon
  4402 | D:5      | Found a snail-covered altar of Cheibriados.
  4754 | D:5      | Found an iron altar of Okawaru.
  4948 | D:5      | Reached skill level 9 in Axes
  5248 | D:6      | Found a glowing drain.
  5271 | Sewer    | Entered a sewer
  5505 | Sewer    | Reached XP level 9. HP: 78/78 MP: 9/9
  6425 | D:6      | Noticed a hill giant
  6451 | D:6      | Killed a hill giant
  6451 | D:6      | Reached skill level 10 in Axes
  8013 | D:7      | Reached skill level 11 in Axes
  8213 | D:7      | Found a staircase to the Ecumenical Temple.
  8220 | Temple   | Entered the Ecumenical Temple
  8259 | Temple   | Became a worshipper of Qazlal Stormbringer
  8976 | D:8      | Reached skill level 1 in Invocations
  9134 | D:8      | Noticed Psyche
  9159 | D:8      | Killed Psyche
  9159 | D:8      | Reached XP level 10. HP: 50/88 MP: 10/12
  9519 | D:8      | Noticed Joseph
  9547 | D:8      | Killed Joseph
 10321 | D:8      | Reached * piety under Qazlal
 10514 | D:8      | Noticed Duffy's ghost (novice DDMo)
 10584 | D:8      | Killed Duffy's ghost
 10584 | D:8      | Reached skill level 12 in Axes
 10771 | D:8      | Reached skill level 5 in Invocations
 11494 | D:9      | Reached XP level 11. HP: 62/97 MP: 15/15
 11538 | D:9      | Found a staircase to the Orcish Mines.
 11579 | D:9      | Reached ** piety under Qazlal
 11709 | D:9      | Found a glowing golden altar of the Shining One.
 11710 | D:9      | Found a sacrificial altar of Ru.
 11750 | D:9      | Noticed a manticore
 11758 | D:9      | Killed a manticore
 11827 | D:9      | Found a shimmering altar of Xom.
 12105 | D:9      | Found a staircase to the Lair.
 12106 | D:9      | Noticed a death yak
 12133 | D:9      | Killed a death yak
 12341 | D:9      | Noticed a centaur warrior
 12351 | D:9      | Killed a centaur warrior
 12351 | D:9      | Reached skill level 10 in Fighting
 12425 | D:9      | Found Leheneest's Specialty Armours.
 12439 | D:9      | Found a deep blue altar of Sif Muna.
 12503 | D:9      | Reached *** piety under Qazlal
 12736 | D:10     | Entered Level 10 of the Dungeon
 12736 | D:10     | Noticed Maurice
 12746 | D:10     | Killed Maurice
 12827 | D:10     | Noticed Sonja
 12840 | D:10     | Killed Sonja
 12840 | D:10     | Reached skill level 13 in Axes
 13449 | D:11     | Noticed a cyclops
 13475 | D:11     | Killed a cyclops
 13597 | D:11     | Reached XP level 12. HP: 108/108 MP: 17/17
 13605 | D:11     | Reached **** piety under Qazlal
 13605 | D:11     | Reached skill level 10 in Shields
 13658 | D:11     | Noticed crawlian's ghost (journeyman DEFE)
 13662 | D:11     | Reached skill level 10 in Armour
 13691 | D:11     | Killed crawlian's ghost
 13725 | D:11     | Noticed Harold
 13734 | D:11     | Killed Harold
 14068 | D:12     | Reached skill level 14 in Axes
 14133 | D:12     | Got a scintillating brass amulet
 14135 | D:12     | Identified the amulet "Naumaocaboo" {Gourm rF+ Int+3 Slay+3} (You found it on level 12 of the Dungeon)
 14174 | D:12     | Reached ***** piety under Qazlal
 15014 | Lair:1   | Entered Level 1 of the Lair of Beasts
 15646 | Lair:2   | Reached XP level 13. HP: 112/117 MP: 20/20
 15661 | Lair:2   | Found a hole to the Spider Nest.
 15696 | Lair:2   | Reached skill level 10 in Invocations
 16208 | Lair:2   | Identified the Catalogue of Augmentations and Earth
 16364 | Lair:2   | Got a transparent mace
 16365 | Lair:2   | Identified the +9 mace "Olokias" {venom, rF++ MP+9 Dex-3 Stlth+} (You found it on level 2 of the Lair of Beasts)
 16721 | Lair:3   | Found a staircase to the Shoals.
 17287 | Lair:3   | Found a blossoming altar of Fedhas.
 18024 | Lair:4   | Reached skill level 15 in Axes
 18097 | Lair:4   | You fall through a shaft for 2 floors!
 18097 | Lair:6   | Entered Level 6 of the Lair of Beasts
 18122 | Lair:6   | Reached ****** piety under Qazlal
 18274 | Lair:5   | Reached XP level 14. HP: 129/129 MP: 22/22
 18346 | Lair:5   | Found a labyrinth entrance.
 18356 | Lab      | Entered a labyrinth
 18954 | Lab      | Identified Kumotitu's Guide on Clay and Protection
 18967 | Lab      | Got a faintly glowing lapis lazuli ring
 18969 | Lab      | Identified the ring of the Unkillable {rC+ Str+2} (You found it in a labyrinth)
 19018 | Lair:5   | Noticed an entropy weaver
 19030 | Lair:5   | Killed an entropy weaver
 19318 | Lair:5   | Noticed an entropy weaver
 19333 | Lair:5   | Killed an entropy weaver
 19606 | Lair:5   | Found a staircase to the Slime Pits.
 20537 | Lair:6   | Reached skill level 16 in Axes
 20776 | Lair:6   | Noticed a dire elephant
 20818 | Lair:6   | Killed a dire elephant
 20997 | Lair:6   | Reached XP level 15. HP: 138/138 MP: 24/24
 21044 | Lair:6   | Identified the Tome of Necromancy and Enchantment
 21702 | Orc:1    | Entered Level 1 of the Orcish Mines
 21821 | Orc:1    | Noticed an orc warlord
 21837 | Orc:1    | Killed an orc warlord
 21863 | Orc:1    | Noticed an orc warlord
 21885 | Orc:1    | Found Wit Bupi's Distillery.
 21907 | Orc:1    | Killed an orc warlord
 22144 | Orc:1    | Got an ancient helmet
 22155 | Orc:1    | Identified the +5 helmet of Thoughtfulness {*Drain rN+ Slay+4} (You found it on level 1 of the Orcish Mines)
 22483 | Orc:2    | Entered Level 2 of the Orcish Mines
 22484 | Orc:2    | Found Luis Qeg's Antique Weapon Boutique.
 22491 | Orc:2    | Noticed an orc warlord
 22515 | Orc:2    | Killed an orc warlord
 22531 | Orc:2    | Reached skill level 17 in Axes
 22618 | Orc:2    | Found Feudghiodo's General Store.
 22864 | Orc:2    | Found a deep blue altar of Sif Muna.
 22995 | Orc:2    | Found Fuafiad's Antique Armour Emporium.
 23026 | Orc:2    | Found a roughly hewn altar of Beogh.
 23130 | Orc:2    | Found Laurphir's Jewellery Shop.
 23204 | Orc:2    | Found a staircase to the Elven Halls.
 23375 | Orc:2    | Bought a shiny shield for 103 gold pieces
 23388 | Orc:2    | Bought a dazzling helmet for 218 gold pieces
 23398 | Orc:2    | Identified the cursed +0 helmet of the Barracuda {+Inv MP-9 Int+9 Slay+3} (You bought it in a shop on level 2 of the Orcish Mines)
 23434 | Orc:2    | Bought a scroll of teleportation for 36 gold pieces
 23464 | Orc:1    | Bought a potion of curing for 30 gold pieces
 23464 | Orc:1    | Bought 2 potions of curing for 60 gold pieces
 23464 | Orc:1    | Bought a potion of curing for 30 gold pieces
 23556 | D:13     | Found a burning altar of Makhleb.
 23632 | D:13     | Noticed Frances
 23636 | D:13     | Noticed Nessos
 23640 | D:13     | Killed Nessos
 23656 | D:13     | Killed Frances
 23666 | D:13     | Noticed Erolcha
 23674 | D:13     | Killed Erolcha
 23861 | D:13     | Found Tel Dudoa's Book Shop.
 24002 | D:13     | Reached XP level 16. HP: 147/147 MP: 26/26
 24148 | D:13     | Found a gate to the Vaults.
 24879 | D:14     | Reached skill level 15 in Fighting
 25378 | D:15     | Entered Level 15 of the Dungeon
 25441 | D:15     | Found a gateway to a bazaar.
 25493 | D:15     | Found a shimmering altar of Xom.
 25605 | D:15     | Found a staircase to the Depths.
 25701 | D:15     | Found a shadowy altar of Dithmenos.
 25981 | D:15     | Got a translucent shield
 25992 | D:15     | Identified the +4 shield "Nishe" {rC+ Str+6} (You found it on level 15 of the Dungeon)
 26442 | Shoals:1 | Entered Level 1 of the Shoals
 26451 | Shoals:1 | Noticed Aizul
 26471 | Shoals:1 | Killed Aizul
 26606 | Shoals:1 | Noticed Roxanne
 26648 | Shoals:1 | Killed Roxanne
 26749 | Shoals:1 | Reached skill level 18 in Axes
 26855 | Shoals:1 | Reached skill level 15 in Invocations
 27770 | Shoals:3 | Reached XP level 17. HP: 151/157 MP: 28/28
 27880 | Shoals:3 | Noticed Kirke
 27892 | Shoals:3 | Killed Kirke
 28283 | Shoals:4 | Entered Level 4 of the Shoals
 28352 | Shoals:4 | Reached skill level 15 in Shields
 28503 | Shoals:4 | Got a barnacled rune of Zot
 28543 | Shoals:4 | Noticed Ilsuiw
 28577 | Shoals:4 | Killed Ilsuiw
 28842 | Shoals:4 | Reached skill level 15 in Armour
 28912 | Shoals:4 | Learned a level 2 spell: Song of Slaying
 28916 | Shoals:4 | Learned a level 3 spell: Regeneration
 28920 | Shoals:4 | Learned a level 3 spell: Spectral Weapon
 29028 | Shoals:4 | Noticed Polyphemus
 29043 | Shoals:4 | Killed Polyphemus
 29359 | Shoals:4 | Reached skill level 19 in Axes
 29519 | Shoals:4 | Identified the Papyrus of Bewitchment and the Compass
 30007 | Vaults:1 | Entered Level 1 of the Vaults
 30168 | Vaults:1 | Reached XP level 18. HP: 166/168 MP: 30/30
 30171 | Vaults:1 | Reached skill level 1 in Dodging
 30334 | Vaults:1 | Found Gyudey's Antique Weapon Emporium.
 30873 | Vaults:1 | Cast into level 2 of the Abyss (a deep elf demonologist)
 31009 | Abyss:2  | Gained mutation: You are clumsy. (Dex -2) [a neqoxec]
 31050 | Abyss:2  | Paralysed by accursed screaming for 1 turns
 31135 | Abyss:2  | Gained mutation: You are dopey. (Int -2) [a neqoxec]
 31140 | Vaults:1 | Escaped the Abyss
 31279 | Vaults:1 | Cast into level 3 of the Abyss (a deep elf sorcerer)
 31281 | Abyss:3  | Found a corrupted altar of Lugonu.
 31592 | Abyss:3  | Reached XP level 19. HP: 141/141 MP: 12/31
 31653 | Vaults:1 | Escaped the Abyss
 32452 | Vaults:2 | Reached skill level 20 in Axes
 32713 | Vaults:2 | Noticed a lich
 32742 | Vaults:2 | Killed a lich
 32742 | Vaults:2 | Reached skill level 5 in Dodging
 33672 | Vaults:2 | Upgraded the game from 0.19-a0-1254-gb9c29c0 to 0.19-a0-1260-gc94d3f7
 33927 | Spider:1 | Entered Level 1 of the Spider Nest
 34346 | Spider:1 | Noticed Nikola
 34387 | Spider:1 | Killed Nikola
 35495 | Spider:2 | Reached XP level 20. HP: 142/187 MP: 33/33
 36289 | Spider:3 | Mangled by a torpor snail

Vault maps used:
D:1:      shiori_arrival_maze
D:2:      kennysheep_six_static_rooms, ecumenical_altar_1, uniq_jessica
D:3:      trog_eyes_of_draining
D:4:      minmay_misc_feat_doors, uniq_menkaure
D:5:      okawaru_altar_gauntlet_db, cheibriados_altar_1, first_bread
D:6:      gup_sewer_entry_glass
D:8:      kennysheep_steamy, uniq_psyche, uniq_joseph
D:9:      nicolae_overflow_hidden_temple, xom_teletrap_fun,
          grunt_temple_overflow_open, dpeg_lair_monsters, hiddenorc2_lemuel,
          serial_co_window_serial, co_window_paths_a,
          co_window_of_opportunity_a, co_window_corner_a, co_window_paths_b,
          co_window_paths_b, co_window_of_opportunity_c, co_window_paths_c,
          co_window_corner_b, co_window_of_opportunity_c, co_window_4corner_a,
          glass_columns_a, glass_columns_c, glass_columns_c, glass_columns_a,
          grunt_ogre_cave, nicolae_barding_shop
D:10:     uniq_sonja, uniq_maurice
D:11:     lemuel_flamethrower_1, uniq_harold
D:13:     grunt_vaults_entry_tiered, basic_altar, serial_shops, shop,
          roderic_hopi_sauvastika, uniq_erolcha, uniq_frances, uniq_nessos
D:14:     nicolae_lava_and_water
D:15:     gammafunk_enter_depths_forms, serial_shops, bzr_entry_road,
          basic_altar, serial_bayou, serial_bayou_crossing,
          serial_bayou_shore_b, serial_bayou_ford_a, serial_bayou_shore_b,
          nicolae_dithmenos_shadow_blocks
Temple:   regret_index_temple_waves
Lair:2:   spider_nest_entry_rubble, lemuel_fruit_fields, grunt_megastairs_5,
          serial_bayou_shore_b
Lair:3:   minmay_shoals_entry_beasts, serial_forest,
          infiniplex_forest_end_double, infiniplex_forest_clump_large,
          infiniplex_forest_lined_3_way, infiniplex_forest_lined_room_2,
          infiniplex_forest_lined_corner, infiniplex_forest_end_double,
          infiniplex_forest_lined_corner, infiniplex_forest_lined_corner,
          infiniplex_forest_clump_long, serial_bayou_pond_a, st_stairs_7,
          tgw_fedhas
Lair:5:   minmay_slime_entry_oklob_enclosed, lab_entry_generic,
          eino_small_chamber_without_monster, zaba_antful_of_joy,
          grunt_megastairs_1
Lair:6:   gammafunk_lair_ancient_temple
Shoals:1: uniq_aizul, uniq_roxanne
Shoals:3: uniq_kirke
Shoals:4: shoals_end_grunt_ice, shoals_ilsuiw_ice, uniq_polyphemus
Spider:1: uniq_nikola
Spider:2: spider_trap, nicolae_spider_cling_halls
Spider:3: portal_desolation_entry_salt
Orc:1:    serial_shops, shop, statue_in_the_mist_lemuel, minmay_orc_treasury
Orc:2:    grunt_orc_gardens, grunt_orc_garden, grunt_orc_garden,
          grunt_orc_garden, grunt_orc_garden, basic_altar, led_sif_book
Vaults:1: hangedman_vaults_hat, vaults_room_pools, v_rooms_5,
          nicolae_vaults_quadrants, v_misc_30, nicolae_vaults_disjoint_gnomons,
          ontoclasm_vaults_ligature, nicolae_vaults_network_s,
          grunt_vaults_focal, nicolae_vaults_border_crossing,
          vaults_dpeg_encased_lava, serial_shops, shop
Vaults:2: nicolae_vaults_back_hallway, vaults_room_door_ring,
          nicolae_vaults_bisected_slash, st_hourglassy, v_misc_25,
          nicolae_vaults_diagonal_hallway_9, v_misc_15, v_misc_23,
          nicolae_vaults_circle_grid_a, nicolae_vaults_shelves_hall,
          vaults_room_grid, vaults_room_stairs_pillars
Abyss:3:  lemuel_flamethrower_3
Lab:      labyrinth_watery, nicolae_lab_swirl
Sewer:    sewer_fruit_machine

Skill      XL: |  1  2  3  4  5  6  7  8  9 10 11 12 13 14 15 16 17 18 19 20 |
---------------+-------------------------------------------------------------+-----
Axes           | 3 4 5 6 7 9 11 12 13 14 15 16 17 18 19 20 | 20.6
Fighting       | 4 5 6 8 9 10 11 13 14 15 16 17 18 | 18.2
Armour         | 4 5 6 7 8 9 10 11 12 13 14 15 16 | 16.8
Shields        | 4 5 6 7 8 9 11 12 13 14 15 16 17 | 17.1
Invocations    | 2 5 7 9 11 12 14 15 16 17 18 | 18.4
Dodging        | 4 5 6 |  6.2

Action                   |  1- 3 |  4- 6 |  7- 9 | 10-12 | 13-15 | 16-18 | 19-21 || total
-------------------------+-------+-------+-------+-------+-------+-------+-------++-------
Melee: War axe           |    95 |   175 |   477 |   781 |  1009 |  1510 |   649 ||  4696
       Unarmed           |       |       |     4 |       |       |       |       ||     4
       Mace              |       |       |       |       |     5 |       |       ||     5
Invok: Upheaval          |       |       |       |       |     2 |     3 |     1 ||     6
       Disaster Area     |       |       |       |       |       |       |     1 ||     1
Evoke: Wand              |       |       |     3 |       |       |       |       ||     3
  Use: Scroll            |       |     6 |    14 |     4 |     7 |     6 |     5 ||    42
       Potion            |       |       |     1 |     1 |       |     2 |     1 ||     5
 Stab: Invisible         |       |       |     3 |       |       |       |       ||     3
       Held in net/web   |       |       |       |       |       |     3 |       ||     3
       Distracted        |       |       |       |       |       |     1 |       ||     1
       Petrified         |       |       |       |       |       |     5 |       ||     5
       Petrifying        |       |       |       |       |       |     1 |       ||     1
  Eat: Chunk             |     1 |     6 |    19 |    40 |    29 |    29 |    15 ||   139
       Fruit             |       |       |     2 |     1 |       |       |       ||     3
Armor: Scale mail        |    43 |    68 |   157 |    60 |       |       |       ||   328
       Skin              |       |       |     5 |       |       |       |       ||     5
       Plate armour      |       |       |       |   149 |   133 |       |   143 ||   425
       Troll leather arm |       |       |       |       |   199 |   327 |    42 ||   568
Dodge: Dodged            |    22 |    49 |   116 |   119 |   219 |   290 |   144 ||   959
       Deflected         |       |       |       |       |    15 |    28 |     4 ||    47
Block: Shield            |    41 |    76 |   291 |   509 |   879 |  1405 |   642 ||  3843
       Reflection        |       |       |     8 |    22 |    25 |   102 |    16 ||   173
